 Dungeon Crawl Stone Soup version 0.27-a0-1123-g2f9bb313c0 (webtiles) character file.

Game seed: 16056379541455068202

96 Azzok the Chopper (level 4, 0/35 HPs)
             Began as a Formicid Berserker on May 3, 2021.
             Was a Believer of Trog.
             Slain by a gnoll
             ... wielding a +2 flail of holy wrath
              (5 damage)
             ... on level 2 of the Dungeon.
             The game lasted 00:01:57 (2014 turns).

Azzok the Chopper (Formicid Berserker)              Turns: 2014, Time: 00:01:57

Health: 0/35       AC:  5    Str: 23    XL:     4   Next: 98%
Magic:  4/4        EV: 11    Int:  6    God:    Trog [**....]
Gold:   97         SH:  0    Dex: 10    Spells: 3/3 levels left

rFire    . . .     SeeInvis +   a - +0 hand axe
rCold    . . .     Faith    .   (no shield)
rNeg     . . .     Spirit   .   e - +0 ring mail
rPois    .         Reflect  .   (helmet unavailable)
rElec    .         Harm     .   (no cloak)
rCorr    .         Rampage  .   (no gloves)
Will     .....                  (no boots)
Stlth    ..........             (no amulet)
HPRegen  0.11/turn              (no ring)
MPRegen  0.09/turn              (no ring)

@: no status effects
A: permanent stasis, dig shafts and tunnels, antennae 3, four strong arms
a: Dig, Shaft Self, Renounce Religion, Trog's Hand


You were on level 2 of the Dungeon.
You worshipped Trog.
Trog was pleased with you.
You visited 1 branch of the dungeon, and saw 2 of its levels.

You collected 97 gold pieces.

Inventory:

Hand Weapons
 a - a +0 hand axe (weapon)
Armour
 e - a +0 ring mail (worn)
Scrolls
 b - a scroll of vulnerability {unknown}
 c - 2 scrolls of amnesia {unknown}
 d - a scroll of teleportation {unknown}
 h - a scroll of summoning {unknown}
 i - a scroll of magic mapping {unknown}
Potions
 f - 2 potions of curing {unknown}
 g - a potion of degeneration {unknown}
 j - a potion of brilliance {unknown}


   Skills:
 - Level 3.2 Fighting
 + Level 5.3 Axes
 - Level 2.1 Armour
 - Level 1.7 Dodging


You had 3 spell levels left.
You didn't know any spells.
Your spell library was empty.

Dungeon Overview and Level Annotations

Branches:
Dungeon (2/15)

Altars:


Innate Abilities, Weirdness & Mutations

You cannot be hasted, slowed, berserked, paralysed or teleported.
You can dig through walls and to a lower floor.
You have a pair of large antennae on your head. (SInv)
Your four strong arms can wield two-handed weapons with a shield.


Message History

No target in view!
No target in view!
No target in view!
No target in view!
You sense a monster nearby.
A gnoll comes into view.
It is wielding a +2 flail of holy wrath.
The gnoll shouts!
You hear a shout!
A gnoll is nearby!
A gnoll comes into view. It is wielding a +0 whip.
The gnoll shouts!
You hear a shout!
A gnoll comes into view. It is wielding a +0 halberd.
The gnoll shouts!
Okay, then.
The gnoll hits you with a +2 flail of holy wrath!
You barely miss the gnoll. You slash the gnoll!
The gnoll is almost dead.
You hit the gnoll.
You kill the gnoll!
Trog accepts your kill.
You hit the gnoll.
The gnoll is lightly wounded.
The gnoll misses you. The gnoll completely misses you.
The gnoll closely misses you.
You hit the gnoll.
The gnoll is moderately wounded.
The gnoll barely misses you. The gnoll misses you.
You closely miss the gnoll.
The gnoll is moderately wounded.
The gnoll barely misses you. The gnoll closely misses you.
You closely miss the gnoll.
The gnoll is moderately wounded.
The gnoll hits you from afar with a +0 halberd!
The gnoll hits you with a +2 flail of holy wrath!
* * * LOW HITPOINT WARNING * * *
You slash the gnoll!
The gnoll is almost dead.
The gnoll completely misses you.
The gnoll hits you with a +2 flail of holy wrath.
You die...

▒)▒▒▒▒▒▒▒▒▒▒▒·▒
▒·▒▒···········
▒·▒▒·▒▒·†▒▒▒▒·▒
▒·▒▒·▒▒··▒ ▒·▒
▒····▒▒··▒▒▒▒·▒
▒··▒▒▒▒········
▒▒▒▒·············▒
▒···········▒▒····
▒@▒▒▒·▒▒▒▒▒▒▒▒·▒▒▒
▒g▒ ▒·▒▒·▒········
▒g▒ ▒·▒·▒···▒▒·▒▒▒
▒·▒ ▒··▒▒▒···▒····
▒·▒ ▒·▒▒ ▒▒·····▒▒
▒·▒ ▒··▒▒▒···▒····
▒·▒ ▒·▒·▒···▒▒▒▒··
▒·▒ ▒·▒▒·▒·▒▒▒ ▒··
▒·▒ ▒········▒ ▒··


You could see 2 gnolls.

Vanquished Creatures
  Terence (D:2)
  A gnoll (D:2)
  A dart slug (D:2)
  4 orcs (D:2)
  4 ball pythons
  8 bats
  6 endoplasms
  A giant cockroach (D:2)
  3 goblins
  7 hobgoblins
  3 jackals (D:2)
  2 kobolds (D:2)
  3 quokkas
  3 frilled lizards
  A rat (D:1)
48 creatures vanquished.

Notes
Turn   | Place    | Note
-------+----------+-------------------------------------------
     0 | D:1      | Azzok the Formicid Berserker began the quest for the Orb.
     0 | D:1      | Reached XP level 1. HP: 18/18 MP: 1/1
   188 | D:1      | Reached XP level 2. HP: 24/24 MP: 2/2
   502 | D:1      | Reached skill level 4 in Axes
   502 | D:1      | Reached XP level 3. HP: 25/29 MP: 3/3
   788 | D:2      | Found a faded altar of an unknown god.
   856 | D:2      | Reached ** piety under Trog
  1144 | D:2      | Reached XP level 4. HP: 34/35 MP: 4/4
  1280 | D:2      | Noticed Terence
  1291 | D:2      | Killed Terence
  1292 | D:2      | Reached skill level 5 in Axes
  2014 | D:2      | Slain by a gnoll

Illustrated notes

Levels and vault maps discovered:
D:1:      scummos_arrival_simple_crosswalls, layout_basic, hangedman_decor_push
D:2:      layout_loops_ring, basic_ecumenical_altar, wad_orctagon, uniq_terence

Skill      XL: |  1  2  3  4 |
---------------+-------------+-----
Axes           | 4 5 |  5.3
Fighting       | |  3.2
Armour         | |  2.1
Dodging        | |  1.7

Action                   |  1- 3 |  4- 6 || total
-------------------------+-------+-------++-------
Melee: Hand axe          |    95 |    49 ||   144
Armor: Ring mail         |    43 |    13 ||    56
       Animal skin       |     1 |       ||     1
Dodge: Dodged            |    49 |    31 ||    80

Table legend: (Time is in decaauts)
 A = Elapsed time spent in this place.
 B = Non-inter-level travel time spent in this place.
 C = Inter-level travel time spent in this place.
 D = Time resting spent in this place.
 E = Time spent auto-exploring this place.
 F = Levels seen in this place.
 G = Mean time per level.
                   A        B        C        D        E       F      G
               +--------+--------+--------+--------+--------+-----+--------+
         Total |   2026 |   2009 |     17 |      3 |   1618 |   2 | 1013.0 |
       Dungeon |   2026 |   2009 |     17 |      3 |   1618 |   2 | 1013.0 |
               +--------+--------+--------+--------+--------+-----+--------+

Top non-repeatable levels by time:
     D:2: 1242 daAuts
     D:1: 783 daAuts
